 Dungeon Crawl Stone Soup version 0.28.0-43-g3370ac3207 (webtiles) character file.

Game seed: 11489654382939961892

1205 pkoi the Martial Artist (level 8, -8/60 HPs)
             Began as a Pale Draconian Monk on Mar 19, 2022.
             Was a Believer of Hepliaklqana.
             Mangled by a two-headed ogre
             ... wielding a +0 giant spiked club
              (10 damage)
             ... on level 6 of the Dungeon.
             The game lasted 00:07:12 (7292 turns).

pkoi the Martial Artist (Pale Draconian Monk)       Turns: 7292, Time: 00:07:12

Health: -8/60      AC:  7    Str: 14    XL:     8   Next: 21%
Magic:  9/9        EV: 13    Int: 12    God:    Hepliaklqana [**....]
Gold:   347        SH:  0    Dex: 14    Spells: 8/9 levels left

rFire   . . .      SeeInvis .     - Unarmed
rCold   . . .      Faith    .   (no shield)
rNeg    . . .      Spirit   .   (armour unavailable)
rPois   .          Reflect  .   (helmet restricted)
rElec   .          Harm     .   (no cloak)
rCorr   +          Rampage  .   (no gloves)
Will    .....                   n - +0 pair of boots
Stlth   ++........              (no amulet)
HPRegen 0.20/turn               h - ring of resist corrosion
MPRegen 0.11/turn               (no ring)

@: lethally poisoned (-8 -> -22), short of breath
A: reduced essence, breathe steam, AC +6, unfitting armour, cold-blooded, steam
resistance
a: Breathe Steam, Renounce Religion, Recall Ancestor, Ancestor Identity


You were on level 6 of the Dungeon.
You worshipped Hepliaklqana.
Hepliaklqana was pleased with you.
You visited 2 branches of the dungeon, and saw 7 of its levels.

You collected 347 gold pieces.

Inventory:

Hand Weapons
 b - a +2 vorpal flail
 i - a +3 short sword of speed
Missiles
 c - 9 poisoned darts (quivered)
Armour
 n - a +0 pair of boots (worn)
Jewellery
 h - a ring of resist corrosion (left hand)
Scrolls
 p - 3 scrolls of magic mapping
Potions
 a - a potion of flight {unknown}
 d - a potion of lignification
 e - a potion of magic {unknown}
 f - a potion of resistance
 g - a potion of brilliance
 j - 2 potions of mutation {unknown}
 k - 4 potions of heal wounds {unknown}
 l - a potion of haste {unknown}
 m - 2 potions of might {unknown}
 o - a potion of curing {unknown}
 q - a potion of attraction {unknown}


   Skills:
 - Level 4.5 Fighting
 - Level 3.7 Dodging
 - Level 3.0 Stealth
 * Level 8.8 Unarmed Combat
 + Level 1.2 Spellcasting
 + Level 1.4 Translocations


You had 8 spell levels left.
You knew the following spells:

 Your Spells              Type           Power      Damage    Failure   Level
a - Apportation           Tloc           8%         N/A       17%         1

Your spell library contained the following spells:

 Spells                   Type           Power      Damage    Failure   Level
 Animate Skeleton         Necr           0%         N/A       30%         1
 Summon Small Mammal      Summ           0%         N/A       30%         1
 Static Discharge         Conj/Air       0%         N/A       41%         2
 Dispel Undead            Necr           0%         3d6       96%         4
 Sticky Flame             Conj/Fire      0%         2d3       96%         4


Dungeon Overview and Level Annotations

Branches:
Dungeon (6/15)             Temple (1/1) D:4

Altars:
Ashenzari
Cheibriados
Dithmenos
Elyvilon
Fedhas
Gozag
Hepliaklqana
Kikubaaqudgha
Makhleb
Nemelex Xobeh
Okawaru
Qazlal
Ru
Sif Muna
Trog
Uskayaw
Vehumet
Wu Jian
Xom
Yredelemnul
Zin
The Shining One

Annotations:
D:5 3 runed translucent doors, RascalDebosk's ghost, novice HOMo


Innate Abilities, Weirdness & Mutations

Your life essence is reduced to manifest your ancestor. (-10% HP)
You can breathe blasts of scalding, opaque steam.
Your pale cyan-grey scales are hard. (AC +6)
You cannot fit into any form of body armour.
You are cold-blooded and may be slowed by cold attacks.
You are immune to the effects of steam.


Message History

Noemi casts a spell at the two-headed ogre.
The puff of frost hits the two-headed ogre but does no damage.
The two-headed ogre is engulfed in a cloud of scalding steam.
You hit the two-headed ogre.
The two-headed ogre is moderately wounded.
You hit the two-headed ogre.
The two-headed ogre is moderately wounded.
The two-headed ogre closely misses you.
The two-headed ogre hits you with a +0 giant spiked club!
Unknown command.
You barely miss the two-headed ogre.
The two-headed ogre is moderately wounded.
Noemi hits the two-headed ogre with a +0 quarterstaff.
The water moccasin closely misses you.
The two-headed ogre hits Noemi with a +0 giant spiked club!!
Noemi is destroyed!
The two-headed ogre shouts in stereo!
You hit the two-headed ogre.
The two-headed ogre is heavily wounded.
You hear a shout!
The water moccasin bites you but does no damage.
Unknown command.
You hit the two-headed ogre.
The two-headed ogre is heavily wounded.
The water moccasin bites you.
You are poisoned.
The water moccasin poisons you!
The two-headed ogre hits you with a +0 giant spiked club!!
* * * LOW HITPOINT WARNING * * *
The two-headed ogre closely misses you.
You barely miss the two-headed ogre.
Your tail-slap misses the two-headed ogre.
The two-headed ogre is heavily wounded.
You feel very sick. The water moccasin barely misses you.
An orc comes into view. It is wielding a +0 dagger.
The two-headed ogre hits you with a +0 giant spiked club!!
* * * LOW HITPOINT WARNING * * *
The two-headed ogre hits you with a +0 giant spiked club!
You die...

................ .#>............<
....(.......(.......#..#.....##..
........... ........####.....###.
........... .........#..)...# ##
............ $...#.###......#
........##... #.#............#
........# #...#.#....#..###..#
........# #...........#######
.............ยง#O@........##
....##.##... #S...#.#....# 5##.#
..#.. #.....#..##.## ..#... ...
.....#####.##.# ........#....##.
###### ....#..# .... ..
..###....... ... ... ..##. .o..
..


You could see a two-headed ogre, a water moccasin and an orc.

Vanquished Creatures
  A centaur (D:6)
  A water moccasin skeleton (D:4)
  A killer bee (D:6)
  4 orc priests
  A hound (D:5)
  A jelly (D:4)
  A bullfrog skeleton (D:4)
  2 orc wizards (D:4)
  2 iguanas
  A hound skeleton (D:2)
  5 adders
  2 ufetubi
  3 worms
  7 dart slugs
  12 orcs
  4 bats
  7 endoplasms
  3 giant cockroaches
  5 goblins
  7 hobgoblins
  3 jackals (D:4)
  2 quokkas (D:2)
  7 ball pythons
  2 frilled lizards
  8 kobolds
  7 rats
99 creatures vanquished.

Vanquished Creatures (collateral kills)
  A meliai zombie (D:6)
  A water moccasin (D:5)
  An ogre (D:5)
  A scorpion (D:5)
  2 killer bees (D:6)
  A jelly (D:6)
  A white imp (D:6)
  An adder skeleton (D:5)
  An orc (D:5)
  A butterfly (D:4)
11 creatures vanquished.

Vanquished Creatures (others)
  2 battlemagi
  7 fungi (D:4)
9 creatures vanquished.

Grand Total: 119 creatures vanquished

Notes
Turn   | Place    | Note
-------+----------+-------------------------------------------
     0 | D:1      | pkoi the Draconian Monk began the quest for the Orb.
     0 | D:1      | Reached XP level 1. HP: 19/19 MP: 1/1
   162 | D:1      | Reached XP level 2. HP: 26/26 MP: 2/2
   411 | D:1      | Reached skill level 4 in Unarmed Combat
   756 | D:1      | Reached XP level 3. HP: 31/31 MP: 3/3
  1193 | D:2      | Found a faded altar of an unknown god.
  1195 | D:2      | Reached XP level 4. HP: 38/38 MP: 4/4
  1199 | D:2      | Reached skill level 5 in Unarmed Combat
  2313 | D:3      | Reached XP level 5. HP: 40/45 MP: 5/5
  3017 | D:4      | Reached skill level 6 in Unarmed Combat
  3824 | D:4      | Reached XP level 6. HP: 48/51 MP: 6/6
  4408 | D:4      | Reached skill level 7 in Unarmed Combat
  4552 | D:4      | Noticed an orc warrior
  4921 | D:4      | Found a staircase to the Ecumenical Temple.
  4938 | Temple   | Entered the Ecumenical Temple
  5114 | Temple   | Became a worshipper of Hepliaklqana the Forgotten
  5114 | Temple   | Reached * piety under Hepliaklqana
  5114 | Temple   | Reached ** piety under Hepliaklqana
  5115 | Temple   | Remembered your ancestor Noemi as a battlemage
  5316 | D:4      | Noticed an orc warrior
  5594 | D:5      | Entered Level 5 of the Dungeon
  5644 | D:5      | Found a blossoming altar of Fedhas.
  5748 | D:5      | Your scales start taking on a pale cyan-grey colour.
  5748 | D:5      | Reached XP level 7. HP: 51/51 MP: 7/7
  5748 | D:5      | Gained mutation: You are immune to the effects of steam.
                  | [Pale Draconian growth]
  6598 | D:5      | Found a runed translucent gate.
  6598 | D:5      | Found a runed translucent gate.
  6601 | D:5      | Found a runed translucent gate.
  6604 | D:5      | Noticed RascalDebosk's ghost (novice HOMo)
  6662 | D:6      | Reached skill level 8 in Unarmed Combat
  6870 | D:6      | Noticed a two-headed ogre
  6876 | D:5      | Learned a level 1 spell: Apportation
  6971 | D:5      | Reached XP level 8. HP: 57/60 MP: 8/8
  7235 | D:6      | Reached skill level 1 in Spellcasting
  7235 | D:6      | Reached skill level 1 in Translocations
  7292 | D:6      | HP: 2/60 [two-headed ogre/+0 giant spiked club (24)]
  7292 | D:6      | Mangled by a two-headed ogre

Illustrated notes

Levels and vault maps discovered:
D:1:      dpeg_arrival_rhombi, layout_rooms, minmay_misc_feat_nine_boxes
D:2:      layout_rooms, shapermc_ecumenical_altar_venn,
          minmay_misc_feat_four_crosses, minmay_crystal_room
D:3:      layout_loops_cross, corner_web_ring
D:4:      layout_rooms, minmay_temple_entry_butterflies, serial_aquarium,
          aquarium_bridge_square [aquarium_subvault_bridge,
          aquarium_subvault_window, aquarium_subvault_bridge,
          aquarium_subvault_wall], aquarium_window_corner,
          aquarium_window_corner, aquarium_view_2b, aquarium_balcony_3b
D:5:      layout_basic, fedhas_altar_3, gammafunk_ghost_necromancy, minivault_27
D:6:      layout_cave_pools, serial_shops, nicolae_shop_bloodbath_and_beyond,
          hangedman_decor_clover_reticule, nicolae_zen_rock_garden, uniq_pikel,
          uniq_grinder
Temple:   kilobyte_greek_temple

Skill      XL: |  1  2  3  4  5  6  7  8 |
---------------+-------------------------+-----
Unarmed Combat | 4 5 6 7 8 |  8.8
Stealth        | 2 3 |  3.0
Dodging        | 3 |  3.7
Fighting       | 4 |  4.5
Spellcasting   | 1 |  1.2
Translocations | 1 |  1.4

Action                   |  1- 3 |  4- 6 |  7- 9 || total
-------------------------+-------+-------+-------++-------
Melee: Unarmed           |   108 |   239 |    49 ||   396
       Tailslap          |    14 |    29 |     3 ||    46
       Punch             |     3 |     7 |     2 ||    12
Invok: Ancestor Life: Ba |       |     1 |       ||     1
       Ancestor Identity |       |     1 |       ||     1
       Recall Ancestor   |       |       |     1 ||     1
 Abil: Breathe Steam     |       |       |     2 ||     2
  Use: Scroll            |       |    12 |     2 ||    14
 Stab: Sleeping          |     5 |     3 |     3 ||    11
       Distracted        |       |       |     2 ||     2
Armor: Skin              |    19 |    87 |    15 ||   121
Dodge: Dodged            |    59 |   133 |    44 ||   236
